 Dungeon Crawl Stone Soup version 0.21.1-1-g345015f (webtiles) character file.

504332 troglodite the Slayer (level 23, -2/254 HPs)
             Began as a Demonspawn Berserker on Feb 26, 2018.
             Was the Champion of Trog.
             Slain by an emperor scorpion (14 damage)
             ... on level 9 of a ziggurat on Feb 27, 2018.
             The game lasted 03:21:10 (50821 turns).

troglodite the Slayer (Demonspawn Berserker)       Turns: 50821, Time: 03:21:11

Health: -2/254     AC: 15    Str: 33    XL:     23   Next: 81%
Magic:  8/20       EV: 15    Int: 22    God:    Trog [******]
Gold:   4345       SH: 25    Dex:  8    Spells: 22/22 levels left

rFire    . . .     SeeInvis +   m - +8 autumn katana {slice, Clar}
rCold    + + .     Gourm    .   Y - +1 large shield of the Blessings {+Inv Str+2}
rNeg     + . .     Faith    .   Z - +8 orange crystal plate armour {Archmagi, Int+3 Clar}
rPois    +         Spirit   .   b - +2 hat {SInv}
rElec    +         Reflect  .   B - +2 cloak
rCorr    .         Harm     .   S - +0 pair of gloves of Discretion {rN+ Slay+5}
MR       ++...     Clarity  +   (boots unavailable)
Stlth    ..........             V - amulet of the Last Nights {RegenMP Fragile +Inv rC+ Slay+6}
HPRegen  0.52/turn              J - ring "Noefof" {rPois MR+ Str+5 Dex-5 Slay+3}
MPRegen  0.42/turn              d - ring of Muno {EV+4 Str+4 Int+8 Dex-3 Slay+3, j}

@: corroded, berserk cooldown, very slightly contaminated, slowed, studying Long
Blades, very slow
A: hooves 3, rugged brown scales 3, camouflage 1, cold resistance 1, demonic
guardian 2, low mp 1, robust 2, electricity resistance, wild magic 1, freezing
cloud immunity
}: 3/15 runes: decaying, silver, gossamer
a: Berserk, Trog's Hand, Brothers in Arms, Burn Spellbooks, Renounce Religion,
Evoke Invisibility


You were on level 9 of a ziggurat.
You worshipped Trog.
Trog was exalted by your worship.
You were not hungry.

You visited 8 branches of the dungeon, and saw 42 of its levels.
You visited 1 ziggurat, and saw 9 of its levels.
You also visited: Ossuary and Ice Cave.

You collected 7020 gold pieces.
You spent 2675 gold pieces at shops.

Inventory:

Hand Weapons
 m - the +8 autumn katana (weapon) {slice, Clar}
   (Trog gifted it to you on level 2 of the Vaults)

   It inflicts extra damage upon your enemies.
   It protects you against confusion.
 y - the +10 long sword "Toaqaac" {protect, Int+2, unknown}
   (You found it on level 9 of a ziggurat)

   It protects the one who uses it against injury (+AC on strike).
   It affects your intelligence (+2).
 z - a +9 scimitar of protection
Armour
 b - a +2 hat of see invisible (worn)
 B - a +2 cloak (worn)
 F - +1 gold dragon scales
 S - the +0 pair of gloves of Discretion (worn) {rN+ Slay+5}
   (You took it off Nikola on level 3 of the Vaults)

   It affects your accuracy and damage with ranged weapons and melee attacks
   (+5).
   It protects you from negative energy.
 Y - the +1 large shield of the Blessings (worn) {+Inv Str+2}
   (You found it on level 3 of the Elven Halls)

   It affects your strength (+2).
   It lets you turn invisible.
 Z - the +8 orange crystal plate armour (worn) {Archmagi, Int+3 Clar}
   (You bought it in a shop on level 10 of the Dungeon)

   It affects your intelligence (+3).
   It protects you against confusion.
Jewellery
 d - the ring of Muno (right hand) {EV+4 Str+4 Int+8 Dex-3 Slay+3, j}
   (You found it on level 15 of the Dungeon)

   [ring of evasion]

   It affects your evasion (+4).
   It affects your strength (+4).
   It affects your intelligence (+8).
   It affects your dexterity (-3).
   It affects your accuracy and damage with ranged weapons and melee attacks
   (+3).
 l - the ring "Bofuha" {AC+2 Str+2 Stlth+, unknown}
   (You found it on level 9 of a ziggurat)

   [ring of protection]

   It affects your AC (+2).
   It affects your strength (+2).
   It makes you more stealthy.
 o - the ring "Vehabros" {rF++ rC+ MP+9 Dex+3}
   (You took it off a yaktaur on level 5 of the Vaults)

   [ring of magical power]

   It affects your dexterity (+3).
   It greatly protects you from fire.
   It protects you from cold.
   It affects your magic capacity (+9).
 u - the ring "Dataph" {+Fly rElec rC- AC+5}
   (You found it on level 5 of the Vaults)

   [ring of protection]

   It affects your AC (+5).
   It makes you vulnerable to cold.
   It insulates you from electricity.
   It lets you fly.
 w - an uncursed amulet of regeneration
 J - the ring "Noefof" (left hand) {rPois MR+ Str+5 Dex-5 Slay+3}
   (You found it on level 15 of the Dungeon)

   [ring of poison resistance]

   It affects your strength (+5).
   It affects your dexterity (-5).
   It affects your accuracy and damage with ranged weapons and melee attacks
   (+3).
   It protects you from poison.
   It affects your resistance to hostile enchantments.
 L - the ring of Zukestif {rElec Str-2 Int+4 Stlth-}
   (You found it on level 8 of the Dungeon)

   [ring of strength]

   It affects your strength (-2).
   It affects your intelligence (+4).
   It insulates you from electricity.
   It makes you less stealthy.
 O - the ring "Foab" {rC+ Str+2 SInv}
   (You found it on level 15 of the Dungeon)

   [ring of protection from cold]

   It affects your strength (+2).
   It protects you from cold.
   It lets you see invisible.
 V - the amulet of the Last Nights (around neck) {RegenMP Fragile +Inv rC+ Slay+6}
   (You found it on level 3 of the Elven Halls)

   [amulet of magic regeneration]

   It increases your magic regeneration.
   It affects your accuracy and damage with ranged weapons and melee attacks
   (+6).
   It protects you from cold.
   It lets you turn invisible.
   It will be destroyed if unequipped.
Wands
 i - a wand of disintegration (10)
Scrolls
 e - 11 scrolls of remove curse
 j - 4 scrolls of identify
 p - 5 scrolls of fog
 v - 4 scrolls of teleportation
 x - 6 scrolls of enchant weapon
 D - 8 scrolls of magic mapping
 E - 5 scrolls of blinking
 H - a scroll of summoning
 K - a scroll of enchant armour
 N - 4 scrolls of fear
 Q - 4 scrolls of silence
Potions
 a - 7 potions of lignification
 f - 15 potions of curing
 g - 9 potions of heal wounds
 h - 11 potions of flight
 k - 3 potions of magic
 n - 6 potions of brilliance
 q - 7 potions of might
 r - 11 potions of haste
 s - 5 potions of cancellation
 t - 7 potions of berserk rage
 A - 5 potions of agility
 C - 4 potions of resistance
 R - 3 potions of invisibility
 U - 5 potions of ambrosia
 W - 3 potions of mutation
Books
 T - a manual of Long Blades
Comestibles
 c - 54 rations


   Skills:
 * Level 21.1 Fighting
   Level 6.0(12.7) Short Blades
 + Level 16.9(17.2) Long Blades
 * Level 17.1 Armour
 * Level 15.0 Dodging
 - Level 2.0 Stealth
 * Level 20.1 Shields


You had 22 spell levels left.
You didn't know any spells.

Dungeon Overview and Level Annotations

Branches:
Dungeon (15/15)            Temple (0/1) D:6            Lair (6/6) D:11
  Swamp (4/4) Lair:3       Spider (4/4) Lair:3        Slime (0/5) Lair:6
    Orc (2/2) D:10            Elf (3/3) Orc:2        Vaults (5/5) D:13
  Crypt (0/3) Vaults:2     Depths (3/5) D:15

Altars:
Fedhas
Ru
Sif Muna
Trog
Xom
Beogh
Jiyva

Shops:
D:4 ?%   D:5 *   D:9 [   D:10 :?(:*   D:15 (*:   Orc:2 =}*([   Elf:1 [(
Vaults:4 !

Portals:
Hell: Depths:1

Annotations:
Zig:9 exclusion: 3 oklob plants


Innate Abilities, Weirdness & Mutations

You have hooves in place of feet.
You are completely covered in rugged brown scales. (AC +3, +7% HP)
Your flesh is cold resistant. (rC+)
A demonic guardian rushes to your aid.
You are very robust. (+20% HP)
You are immune to freezing clouds.
Your skin changes colour to match your surroundings (Stealth+).
Your magical capacity is low. (-10% MP)
You are resistant to electric shocks. (rElec)
Your spells are a little harder to cast, but a little more powerful.


Message History

The jumping spider bites you but does no damage.
The tarantella rages.
Your orange demon closely misses the tarantella.
You block the wolf spider's attack.
The wolf spider bites you but does no damage.
The emperor scorpion barely misses you.
The emperor scorpion closely misses you.
The emperor scorpion claws you!
* * * LOW HITPOINT WARNING * * *
The entropy weaver hits your orange demon!
The entropy weaver hits your orange demon. x2
The entropy weaver barely misses your orange demon.
You block the moth of wrath's attack.
The jumping spider pounces on you but does no damage.
The jumping spider barely misses you. The jumping spider misses you.
The jumping spider bites you but does no damage.
Your orange demon completely misses the entropy weaver.
Your orange demon misses the entropy weaver.
The emperor scorpion barely misses you. x2; The emperor scorpion claws you!
You die...

▓▓▓▓▓▓▓▓▓▓▓
▓.........▓
▓▓▓▓▓.........▓▓▓▓▓
▓.................▓
▓..............a.T▓
▓.......PPP...yy4?▓
▓.............ss@∩▓
▓∩.....P......asss▓
▓..............|3∩▓
▓..............)?(▓
▓.........†.......▓
▓.................▓
▓▓▓▓▓.........▓▓▓▓▓
▓.........▓
▓▓▓▓▓▓▓▓▓▓▓


You could see an emperor scorpion (berserk), 2 entropy weavers, a spark wasp, a
wolf spider (berserk), 2 oklob plants, a moth of wrath, 2 jumping spiders, a
tarantella (berserk), a friendly iron troll (berserk), a friendly soul eater and
a friendly orange demon.

Vanquished Creatures
  Mennas (Vaults:3)
  A pandemonium lord (Zig:4)
  Boris (twice) (Vaults:2 Vaults:4)
  Bai Suzhen (Vaults:2)
  Saint Roka (Vaults:1)
  Nikola (Vaults:3)
  A golden dragon (Vaults:5)
  Arachne (Spider:2)
  A profane servitor (Zig:7)
  A bone dragon (Swamp:4)
  A Brimstone Fiend (Zig:4)
  Jorgrun (Spider:4)
  5 tentacled monstrosities
  A lich (Depths:1)
  5 deep elf blademasters
  A quicksilver dragon (Vaults:5)
  A deep elf master archer (Elf:3)
  9 titans
  Asterion (Vaults:1)
  A tentacled starspawn (Zig:7)
  A thorn hunter (Swamp:4)
  4 sphinxes
  3 tengu reavers
  3 shadow dragons (Vaults:5)
  4 storm dragons
  Donald (Swamp:1)
  Roxanne (Elf:2)
  An iron dragon (Vaults:5)
  5 ghost moths
  6 fire giants
  A blood saint (Zig:4)
  11 deep elf sorcerers
  8 vault wardens
  4 orc warlords
  4 emperor scorpions
  4 deep elf elementalists
  5 frost giants
  9 ironheart preservers
  A war gargoyle (Vaults:5)
  11 stone giants
  8 very ugly things
  4 entropy weavers
  A large abomination (Vaults:4)
  10 deep elf demonologists
  12 deep elf annihilators
  A spark wasp (Spider:4)
  Azrael (Spider:1)
  9 deep elf death magi
  8 ettins
  2 death oozes (Zig:3)
  7 deep elf high priests
  10 yaktaur captains
  3 fire dragons
  A merfolk impaler (Depths:1)
  3 rakshasas
  4 great orbs of eyes
  A hydra (shapeshifter) (Vaults:4)
  11 hydras
  37 vault guards
  The ghost of grindst0ne the Spry, a journeyman SpEn of Dithmenos (Lair:5)
  6 ice dragons
  7 centaur warriors
  A two-headed ogre (shapeshifter) (Vaults:5)
  3 catoblepae
  4 deep troll shamans
  2 death knights (Vaults:4)
  13 ogre magi
  3 death yaks
  37 two-headed ogres
  A deep troll earth mage (Depths:1)
  25 dancing weapons
  13 alligators
  2 tengu warriors
  8 orc high priests
  Urug (D:14)
  11 spriggans
  25 deep elf knights
  Sonja (Lair:3)
  An iron troll (Depths:1)
  10 skeletal warriors
  2 shadow wraiths
  A fire crab (Lair:5)
  A sixfirhy (Zig:7)
  A flayed ghost (Vaults:4)
  5 hell knights (Depths:1)
  A storm dragon skeleton (Vaults:2)
  17 deep trolls
  5 small abominations
  3 unseen horrors
  3 spectral hydras (Swamp:4)
  A death drake (Swamp:4)
  4 shambling mangroves
  6 phantasmal warriors
  9 deep elf archers
  2 glowing orange brains
  71 deep elf magi
  3 harpies (Vaults:2)
  2 necromancers (Depths:1)
  2 lindwurms
  13 ironbrand convokers
  A manticore (shapeshifter) (Vaults:3)
  24 orc knights
  A harpy (shapeshifter) (Vaults:4)
  The ghost of anp the Insei, a novice GnTm of Ashenzari (D:7)
  19 orb spiders
  8 orc sorcerers
  A manticore (D:15)
  10 elephants
  4 oklob plants
  17 wolf spiders
  39 ugly things
  A worldbinder (Zig:7)
  5 cyclopes
  16 vault sentinels
  A salamander (Depths:2)
  9 naga magi
  A moth of wrath (Spider:1)
  Maurice (D:8)
  3 fire giant skeletons
  A smoke demon (Zig:7)
  2 frost giant skeletons (Depths:1)
  7 black mambas
  3 gargoyles
  An eye of devastation (shapeshifter) (Elf:2)
  A stone giant skeleton (Vaults:2)
  A centaur zombie (D:15)
  4 torpor snails
  2 ice statues (IceCv)
  5 swamp worm zombies (Swamp:4)
  17 spiny frogs
  A yaktaur zombie (Depths:1)
  4 rime drakes
  3 centaur skeletons
  5 komodo dragons
  32 yaktaurs
  11 demonic crawlers
  3 yaktaur skeletons (Vaults:2)
  6 freezing wraiths
  5 hydra zombies (Swamp:4)
  2 ice devils (D:14)
  A tengu conjurer (Depths:1)
  3 human skeletons (Vaults:2)
  5 tyrant leeches
  A jumping spider (shapeshifter) (Vaults:1)
  27 jumping spiders
  A meliai (shapeshifter) (Vaults:1)
  10 polar bears
  11 trolls
  2 wind drakes (shapeshifter)
  26 hornets
  22 slime creatures
  2 spectral swamp dragons (Swamp:4)
  4 dream sheep (Lair:6)
  28 blink frogs
  7 bog bodies
  2 alligator zombies (Swamp:4)
  11 hippogriffs
  2 air elementals (Zig:8)
  An ice dragon skeleton (Depths:1)
  36 tarantellas
  4 shadows
  69 redbacks
  3 wyverns
  10 water elementals
  6 fire elementals
  2 wraiths (D:15)
  35 yaks
  Sigmund (D:5)
  3 hungry ghosts
  4 basilisks
  A hog (shapeshifter) (Zig:8)
  2 chaos spawn (Zig:7)
  16 vampire mosquitoes
  A yaktaur simulacrum (Vaults:2)
  15 swamp worms
  A two-headed ogre zombie (D:10)
  11 wargs
  3 nagas (D:15)
  2 soldier ants
  29 insubstantial wisps
  2 acid dragons
  15 water moccasins
  17 hell hounds
  An acid dragon (shapeshifter) (Vaults:2)
  4 floating eyes (D:15)
  9 swamp drakes
  9 porcupines
  68 orc warriors
  2 meliai simulacra (D:14)
  19 ice beasts
  2 black bears (shapeshifter)
  2 swamp dragon zombies (Swamp:4)
  4 sky beasts
  12 black bears
  12 phantoms
  33 ogres
  18 wolves (Lair:6)
  10 boggarts
  18 centaurs
  9 crocodiles
  A big kobold (D:13)
  Blork the orc (D:5)
  16 bullfrogs
  5 earth elementals
  2 water moccasin zombies (Ossuary)
  A wyvern skeleton (D:10)
  4 scorpions
  10 killer bees
  10 wights
  2 electric eels
  6 howler monkeys
  4 crimson imps
  10 jellies
  A gnoll shaman (Orc:2)
  9 hounds
  37 orc wizards
  21 orc priests
  3 bullfrog zombies
  5 iguanas
  10 worker ants
  7 ogre zombies (D:10)
  3 big kobold zombies (Ossuary)
  A hound zombie (D:8)
  3 hound skeletons
  2 mummies (Ossuary)
  A worker ant zombie (D:7)
  A howler monkey zombie (D:6)
  15 gnolls
  2 swamp drake zombies (Swamp:4)
  18 adders
  7 shadow imps
  A white imp (D:14)
  An ufetubus (D:14)
  16 oozes
  2 adder skeletons
  7 adder zombies
  3 worms
  2 dart slugs
  9 leopard geckos
  100 orcs
  3 ball pythons
  2 giant cockroaches
  2 gnoll zombies (Ossuary)
  7 hobgoblins
  5 jackals
  13 kobolds
  2 quokkas
  10 bats
  9 frilled lizards
  8 goblins
  A goblin skeleton (D:10)
  3 goblin zombies (D:10)
  2 hobgoblin skeletons (D:10)
  13 hobgoblin zombies
  3 kobold zombies (Ossuary)
  A leopard gecko skeleton (D:7)
  16 orc zombies
  A quokka skeleton (D:4)
  A rat (D:3)
  4 fungi
  11 plants
2024 creatures vanquished.

Vanquished Creatures (collateral kills)
  A golden dragon (Vaults:5)
  A sphinx (Vaults:4)
  5 deep elf sorcerers (Elf:3)
  A vault warden (Vaults:4)
  A ghost moth (Zig:9)
  3 ironheart preservers
  3 entropy weavers (Spider:4)
  3 deep elf annihilators
  A dire elephant (Lair:6)
  A deep elf death mage (Elf:3)
  A yaktaur captain (Vaults:4)
  A fire dragon (Depths:1)
  An ogre mage (Depths:1)
  An ice dragon (Vaults:1)
  3 vault guards
  A centaur warrior (Vaults:1)
  A death yak (Lair:5)
  4 two-headed ogres
  A deep troll shaman (Vaults:1)
  2 tengu warriors (D:15)
  A deep troll earth mage (D:15)
  2 small abominations
  2 deep trolls (Vaults:1)
  A phantasmal warrior (Swamp:4)
  5 orb spiders
  An orc knight (D:15)
  A wolf spider (Spider:4)
  An oklob plant (Zig:9)
  2 ugly things (Vaults:1)
  3 deep elf magi
  2 orc sorcerers (Orc:2)
  A manticore (D:12)
  A black mamba (Lair:6)
  A spiny frog (Lair:5)
  2 rime drakes (Lair:6)
  A tormentor (Zig:7)
  A freezing wraith (Vaults:4)
  A demonic crawler (Spider:4)
  4 yaktaurs
  A polar bear (Lair:6)
  A human skeleton (Vaults:2)
  A queen bee (shapeshifter) (Vaults:1)
  A tyrant leech (Swamp:2)
  6 hornets
  5 jumping spiders
  A blink frog (Lair:6)
  6 tarantellas
  A hippogriff (D:8)
  A water elemental (Depths:1)
  7 redbacks
  A large abomination (Zig:7)
  A spriggan (Swamp:2)
  4 yaks
  A fire elemental (Zig:8)
  A warg (Vaults:1)
  An insubstantial wisp (Swamp:3)
  A water moccasin (D:5)
  4 orc warriors
  An ogre (Vaults:5)
  3 centaurs
  A wolf (Lair:6)
  A bullfrog (D:8)
  A killer bee (D:7)
  2 jellies
  A hound (D:6)
  An orc priest (Orc:2)
  3 orc wizards
  A centaur skeleton (D:4)
  A worker ant (D:4)
  2 gnolls (D:4)
  A leopard gecko (D:8)
  9 orcs
  A bat (D:2)
  A goblin skeleton (D:10)
  A jackal skeleton (D:4)
  A briar patch (Swamp:4)
  2 plants (Zig:9)
  2 starspawn tentacles (Zig:7)
150 creatures vanquished.

Vanquished Creatures (others)
  A hydra (Lair:6)
  An unseen horror (D:15)
  A deep elf mage (Vaults:5)
  5 yaktaurs
  The ghost of Agrougrou the Magician, a novice DEAE (D:5)
  A warg (Orc:1)
  A hell hound (Spider:1)
  An orc warrior (Vaults:5)
  An ogre (Vaults:5)
  A bullfrog (D:15)
  An electric eel (D:14)
  An orc priest (Elf:2)
  An orc wizard (D:14)
  2 orcs
  A briar patch (Swamp:4)
  21 fungi
  25 plants
  3 starspawn tentacles (Zig:7)
69 creatures vanquished.

Grand Total: 2243 creatures vanquished

Notes
Turn   | Place    | Note
-------+----------+-------------------------------------------
     0 | D:1      | troglodite the Demonspawn Berserker began the quest for the Orb.
     0 | D:1      | Reached XP level 1. HP: 18/18 MP: 1/1
   398 | D:1      | Gained mutation: Your flesh is cold resistant. (rC+) [demonic ancestry]
   398 | D:1      | Reached XP level 2. HP: 24/24 MP: 2/2
   796 | D:2      | Reached XP level 3. HP: 19/29 MP: 3/3
  1472 | D:2      | Reached ** piety under Trog
  1819 | D:2      | Gained mutation: A weak demonic guardian rushes to your aid. [demonic ancestry]
  1819 | D:2      | Reached XP level 4. HP: 34/35 MP: 4/4
  2581 | D:3      | Gained mutation: You have large cloven feet. [demonic ancestry]
  2581 | D:3      | Reached XP level 5. HP: 37/41 MP: 5/5
  2624 | D:3      | Noticed a phantom
  2660 | D:3      | Killed a phantom
  3178 | D:4      | Reached skill level 4 in Fighting
  3178 | D:4      | Gained mutation: You are immune to freezing clouds. [demonic ancestry]
  3178 | D:4      | Reached XP level 6. HP: 48/48 MP: 6/6
  3181 | D:4      | Reached *** piety under Trog
  3456 | D:4      | Found Xularet's Magic Scroll Emporium.
  3474 | D:4      | Bought a scroll of identify for 22 gold pieces
  3523 | D:4      | Found Sujur's Food Boutique.
  3569 | D:4      | Found a sacrificial altar of Ru.
  3976 | D:4      | Gained mutation: You are partially covered in rugged brown scales. (AC +1, +3% HP) [demonic ancestry]
  3976 | D:4      | Reached XP level 7. HP: 49/56 MP: 7/7
  4071 | D:4      | Got an iridescent dagger
  4072 | D:4      | Identified the cursed +1 dagger "Nuegoapn" {drain, Fragile rPois rF+ MP+9} (You found it on level 4 of the Dungeon)
  4264 | D:5      | Entered Level 5 of the Dungeon
  4264 | D:5      | Noticed Sigmund
  4277 | D:5      | Noticed Agrougrou's ghost (novice DEAE)
  4279 | D:5      | Killed Sigmund
  4366 | D:5      | Killed Agrougrou's ghost
  4366 | D:5      | Reached skill level 5 in Long Blades
  4366 | D:5      | Reached skill level 5 in Armour
  4441 | D:5      | Reached skill level 1 in Stealth
  4502 | D:5      | Noticed Blork the orc
  4512 | D:5      | Killed Blork the orc
  4512 | D:5      | Reached **** piety under Trog
  4512 | D:5      | Reached XP level 8. HP: 54/62 MP: 8/8
  4774 | D:5      | Found Dianisish's Assorted Antiques.
  4796 | D:5      | You fall through a shaft for 3 floors!
  4801 | D:8      | Noticed Maurice
  4930 | D:8      | Reached skill level 5 in Fighting
  5229 | D:8      | Reached skill level 1 in Short Blades
  5403 | D:8      | Noticed a hippogriff
  5417 | D:8      | Killed a hippogriff
  5428 | D:8      | Killed Maurice
  5428 | D:8      | Gained mutation: You are mostly covered in rugged brown scales. (AC +2, +5% HP) [demonic ancestry]
  5428 | D:8      | Reached XP level 9. HP: 37/72 MP: 9/9
  5482 | D:8      | Reached skill level 6 in Fighting
  5759 | D:8      | Reached skill level 5 in Dodging
  6074 | D:7      | Found a sand-covered staircase.
  6079 | Ossuary  | Entered an ossuary
  6264 | Ossuary  | Reached ***** piety under Trog
  6605 | D:6      | Found a staircase to the Ecumenical Temple.
  6656 | D:6      | Reached skill level 7 in Fighting
  7328 | D:7      | Noticed anp's ghost (novice GnTm)
  7339 | D:7      | Killed anp's ghost
  7339 | D:7      | Gained mutation: You have hoof-like feet. [demonic ancestry]
  7339 | D:7      | Reached XP level 10. HP: 82/82 MP: 10/10
  7425 | D:7      | Found a bloodstained altar of Trog.
  7985 | D:8      | Found a runed door.
  8000 | D:8      | Reached skill level 5 in Short Blades
  8146 | D:8      | Received a gift from Trog
  8401 | D:8      | Noticed a two-headed ogre
  8402 | D:8      | Noticed a catoblepas
  8433 | D:8      | Killed a two-headed ogre
  8462 | D:8      | Killed a catoblepas
  8688 | D:8      | Found the +8 demon blade "Bloodbane" {slice, *Rage +Rage Stlth-}
  8694 | D:8      | Got a polished great sword
  8696 | D:8      | Got a flickering platinum ring
  8702 | D:8      | Identified the cursed ring of Zukestif {rElec Str-2 Int+4 Stlth-} (You found it on level 8 of the Dungeon)
  8713 | D:8      | Identified the cursed +2 great sword of Echirakk {slice, Int+4} (You found it on level 8 of the Dungeon)
  8879 | D:9      | Found Nouhel's Antique Armour Boutique.
  8884 | D:9      | Bought a heavily runed scale mail for 225 gold pieces
  8884 | D:9      | Bought a pair of faintly glowing gloves for 237 gold pieces
  8894 | D:9      | Identified the cursed -3 pair of gloves of the Harvest {+Inv rElec} (You bought it in a shop on level 9 of the Dungeon)
  8904 | D:9      | Identified the +6 scale mail "Zanoy" {Str+4} (You bought it in a shop on level 9 of the Dungeon)
  8936 | D:9      | Reached skill level 8 in Fighting
  8941 | D:9      | Noticed a two-headed ogre
  8947 | D:9      | Killed a two-headed ogre
  8947 | D:9      | Reached XP level 11. HP: 61/90 MP: 11/11
  9321 | D:9      | Reached skill level 10 in Armour
  9819 | D:10     | Entered Level 10 of the Dungeon
  9821 | D:10     | Noticed a two-headed ogre
  9827 | D:10     | Killed a two-headed ogre
  9984 | D:10     | Found Eric's General Store.
 10062 | D:10     | Received a gift from Trog
 10088 | D:10     | Found a staircase to the Orcish Mines.
 10123 | D:10     | Received a gift from Trog
 10133 | D:10     | Got a polished scimitar {god gift}
 10134 | D:10     | Identified the +7 scimitar "Yllueh" {venom, -Tele rC++ Int+3} (Trog gifted it to you on level 10 of the Dungeon)
 10499 | D:10     | Found Usanut's Antique Weapon Shoppe.
 10626 | D:10     | Paralysed by a hornet for 1 turns
 10809 | D:10     | Found Aruck's Magic Scroll Emporium.
 10845 | D:10     | Found Huczett's Book Shop.
 10985 | D:10     | Noticed a two-headed ogre
 10992 | D:10     | Killed a two-headed ogre
 10992 | D:10     | Reached skill level 9 in Fighting
 11218 | D:10     | Found Byachah's Book Boutique.
 11321 | D:11     | Found a staircase to the Lair.
 12004 | Orc:1    | Entered Level 1 of the Orcish Mines
 12010 | Orc:1    | Noticed a stone giant
 12019 | Orc:1    | Noticed an orc sorcerer
 12020 | Orc:1    | HP: 4/93 [warg[an orc warlord] (10)]
 12187 | Orc:1    | Killed a stone giant
 12191 | Orc:1    | Killed an orc sorcerer
 12373 | Orc:1    | Noticed an orc warlord
 12410 | Orc:1    | Noticed an orc sorcerer
 12412 | Orc:1    | Killed an orc warlord
 12412 | Orc:1    | Reached XP level 12. HP: 70/101 MP: 12/12
 12759 | Orc:2    | Entered Level 2 of the Orcish Mines
 12759 | Orc:2    | Found a staircase to the Elven Halls.
 12759 | Orc:2    | Found Orohuic's Gadget Emporium.
 12759 | Orc:2    | Found a roughly hewn altar of Beogh.
 12761 | Orc:2    | Noticed an orc high priest
 12769 | Orc:2    | Killed an orc high priest
 12769 | Orc:2    | Reached skill level 10 in Fighting
 13012 | Orc:1    | HP: 1/101 [orc warrior/mace (7)]
 13227 | Orc:2    | Noticed an orc high priest
 13234 | Orc:2    | Killed an orc high priest
 13235 | Orc:2    | Found Gyeb's General Store.
 13254 | Orc:2    | Noticed an orc high priest
 13495 | Orc:2    | Noticed an orc high priest
 13502 | Orc:2    | Killed an orc high priest
 13504 | Orc:2    | Received a gift from Trog
 13541 | Orc:2    | Killed an orc high priest
 13653 | Orc:2    | Found Wogeghec's Jewellery Shop.
 13710 | Orc:2    | Found Piemo's Antique Weapon Shoppe.
 13712 | Orc:2    | Noticed an orc warlord
 13719 | Orc:2    | Paralysed by an orc sorcerer for 2 turns
 13793 | Orc:2    | Killed an orc warlord
 13793 | Orc:2    | Reached skill level 11 in Fighting
 13793 | Orc:2    | Reached skill level 10 in Long Blades
 13794 | Orc:2    | Gained mutation: You have hooves in place of feet. [demonic ancestry]
 13794 | Orc:2    | Reached XP level 13. HP: 111/111 MP: 13/13
 14007 | Orc:2    | Noticed an ettin
 14012 | Orc:2    | Killed an ettin
 14073 | Orc:2    | Found Rygac's Antique Armour Shoppe.
 15698 | D:12     | Received a gift from Trog
 16558 | D:12     | Reached skill level 1 in Shields
 17145 | D:13     | Found a gate to the Vaults.
 17173 | D:13     | Reached skill level 12 in Fighting
 17516 | D:13     | Got a pair of bloodstained boots
 17518 | D:13     | Identified the +1 pair of boots of Spring Thaw {Int+3} (You found it on level 13 of the Dungeon)
 17705 | D:14     | Found a shimmering altar of Xom.
 17842 | D:14     | Found a frozen archway.
 17849 | D:14     | Gained mutation: You are completely covered in rugged brown scales. (AC +3, +7% HP) [demonic ancestry]
 17849 | D:14     | Reached XP level 14. HP: 101/123 MP: 14/14
 17882 | IceCv    | Entered an ice cave
 17888 | IceCv    | Received a gift from Trog
 18443 | D:14     | Noticed Urug
 18452 | D:14     | Killed Urug
 19711 | D:14     | Found a deep blue altar of Sif Muna.
 19716 | D:14     | Noticed a deep elf sorcerer
 19728 | D:14     | Killed a deep elf sorcerer
 19728 | D:14     | Reached ****** piety under Trog
 19955 | D:14     | Noticed a deep elf sorcerer
 19957 | D:14     | Noticed a deep elf sorcerer
 19961 | D:14     | Killed a deep elf sorcerer
 19965 | D:14     | Killed a deep elf sorcerer
 19965 | D:14     | Reached skill level 13 in Fighting
 20278 | D:15     | Entered Level 15 of the Dungeon
 20444 | D:15     | Paralysed by a floating eye for 4 turns
 20482 | D:15     | Reached skill level 5 in Shields
 20493 | D:15     | Got a transparent platinum ring
 20497 | D:15     | Identified the ring "Foab" {rC+ Str+2 SInv} (You found it on level 15 of the Dungeon)
 20608 | D:15     | Found Ofofapy's Book Emporium.
 20638 | D:15     | Paralysed by a floating eye for 4 turns
 20744 | D:15     | Received a gift from Trog
 20805 | D:15     | Got a pitted silver ring
 20810 | D:15     | Identified the ring of Muno {EV+4 Str+4 Int+8 Dex-3 Slay+3} (You found it on level 15 of the Dungeon)
 21179 | D:15     | Paralysed by a floating eye for 3 turns
 21195 | D:15     | Gained mutation: A demonic guardian rushes to your aid. [demonic ancestry]
 21195 | D:15     | Reached XP level 15. HP: 132/132 MP: 15/15
 21250 | D:15     | Got a translucent iron ring
 21254 | D:15     | Identified the ring "Noefof" {rPois MR+ Str+5 Dex-5 Slay+3} (You found it on level 15 of the Dungeon)
 21265 | D:15     | Found Pyasy's General Store.
 21307 | D:15     | Noticed a storm dragon
 21308 | D:15     | Noticed a fire giant
 21818 | D:15     | Killed a fire giant
 21818 | D:15     | Reached skill level 10 in Dodging
 21922 | D:15     | Killed a storm dragon
 22734 | D:15     | Found a staircase to the Depths.
 23157 | D:15     | Found Ijogueg's Antique Weapon Emporium.
 23295 | D:10     | Bought the +8 orange crystal plate armour {Archmagi, Int+3 Clar} for 1878 gold pieces
 23295 | D:10     | Found the +8 orange crystal plate armour {Archmagi, Int+3 Clar}
 23716 | Lair:1   | Entered Level 1 of the Lair of Beasts
 23725 | Lair:1   | Received a gift from Trog
 25325 | Lair:2   | Gained mutation: You are frail. (-10% HP) [potion of mutation]
 25325 | Lair:2   | Gained mutation: Your magical capacity is low. (-10% MP) [potion of mutation]
 25325 | Lair:2   | Gained mutation: You are dopey. (Int -2) [potion of mutation]
 25325 | Lair:2   | Lost mutation: You are dopey. (Int -2) [potion of mutation]
 25326 | Lair:2   | Lost mutation: You are frail. (-10% HP) [potion of mutation]
 25326 | Lair:2   | Lost mutation: Your magical capacity is low. (-10% MP) [potion of mutation]
 25326 | Lair:2   | Gained mutation: You are frail. (-10% HP) [potion of mutation]
 25326 | Lair:2   | Gained mutation: Your spells are a little harder to cast, but a little more powerful. [potion of mutation]
 25326 | Lair:2   | Gained mutation: Your skin changes colour to match your surroundings (Stealth+). [potion of mutation]
 25326 | Lair:2   | Gained mutation: You are resistant to electric shocks. (rElec) [potion of mutation]
 25328 | Lair:3   | Noticed Sonja
 25468 | Lair:3   | Reached skill level 14 in Fighting
 25505 | Lair:3   | Found a staircase to the Swamp.
 25719 | Lair:3   | Killed Sonja
 25887 | Lair:3   | Found a hole to the Spider Nest.
 25899 | Lair:3   | Received a gift from Trog
 27068 | Lair:5   | Lost mutation: You are frail. (-10% HP) [demonic ancestry]
 27068 | Lair:5   | Gained mutation: You are robust. (+10% HP) [demonic ancestry]
 27068 | Lair:5   | Reached XP level 16. HP: 122/155 MP: 16/16
 27150 | Lair:5   | Noticed grindst0ne's ghost (journeyman SpEn)
 27162 | Lair:5   | Killed grindst0ne's ghost
 27163 | Lair:5   | Found a blossoming altar of Fedhas.
 27335 | Lair:5   | Received a gift from Trog
 27370 | Lair:5   | Got a shimmering mace
 27371 | Lair:5   | Identified the +3 mace of Urphaceo {crush, MR+} (You found it on level 5 of the Lair of Beasts)
 27780 | Lair:6   | Entered Level 6 of the Lair of Beasts
 28096 | Lair:6   | Found a viscous altar of Jiyva.
 28106 | Lair:6   | Found a staircase to the Slime Pits.
 28279 | Lair:6   | Received a gift from Trog
 28891 | Swamp:1  | Entered Level 1 of the Swamp
 29300 | Swamp:1  | Received a gift from Trog
 29319 | Swamp:1  | Noticed Donald
 29325 | Swamp:1  | Killed Donald
 29547 | Swamp:2  | Reached skill level 15 in Fighting
 29547 | Swamp:2  | Reached skill level 10 in Shields
 29854 | Swamp:2  | Got a pair of brightly glowing boots
 29855 | Swamp:2  | Identified the +0 pair of boots "Gazxan" {rF- Regen+ Str+5} (You found it on level 2 of the Swamp)
 30427 | Swamp:3  | Reached XP level 17. HP: 150/166 MP: 17/17
 30886 | Swamp:4  | Entered Level 4 of the Swamp
 31028 | Swamp:4  | Received a gift from Trog
 31495 | Swamp:4  | Found a shimmering altar of Xom.
 32193 | Swamp:4  | Noticed a bone dragon
 32201 | Swamp:4  | Killed a bone dragon
 32263 | Swamp:4  | Got a decaying rune of Zot
 32433 | Spider:1 | Entered Level 1 of the Spider Nest
 32496 | Spider:1 | Noticed Azrael
 32506 | Spider:1 | Killed Azrael
 32830 | Spider:1 | Received a gift from Trog
 33501 | Spider:2 | Noticed Arachne
 33512 | Spider:2 | Killed Arachne
 34020 | Spider:3 | Reached skill level 16 in Fighting
 34030 | Spider:3 | Received a gift from Trog
 34166 | Spider:3 | Gained mutation: You are very robust. (+20% HP) [demonic ancestry]
 34166 | Spider:3 | Reached XP level 18. HP: 162/187 MP: 0/18
 34547 | Spider:4 | Entered Level 4 of the Spider Nest
 34774 | Spider:4 | Received a gift from Trog
 35451 | Spider:4 | Noticed Jorgrun
 35457 | Spider:4 | Killed Jorgrun
 35738 | Spider:4 | Got a gossamer rune of Zot
 35928 | Vaults:1 | Entered Level 1 of the Vaults
 35959 | Vaults:1 | Noticed Saint Roka
 35978 | Vaults:1 | Reached skill level 15 in Shields
 35985 | Vaults:1 | Killed Saint Roka
 36068 | Vaults:1 | Received a gift from Trog
 36457 | Vaults:1 | Reached XP level 19. HP: 184/197 MP: 19/19
 36483 | Vaults:1 | Received a gift from Trog
 36563 | Vaults:1 | Noticed Asterion
 36572 | Vaults:1 | Killed Asterion
 37201 | Vaults:2 | Reached skill level 17 in Fighting
 37307 | Vaults:2 | Received a gift from Trog
 37308 | Vaults:2 | Found the +8 autumn katana {slice, Clar}
 37476 | Vaults:2 | Noticed Bai Suzhen
 37484 | Vaults:2 | Killed Bai Suzhen
 37595 | Vaults:2 | Found a staircase to the Crypt.
 37671 | Vaults:2 | Reached skill level 15 in Long Blades
 38033 | Vaults:2 | Noticed Boris
 38048 | Vaults:2 | Killed Boris
 38259 | Vaults:2 | Got a slimy plate armour
 38270 | Vaults:2 | Identified the cursed +0 plate armour "Vufrane" {rN+ Int+4 Dex+2 Slay+3} (You found it on level 2 of the Vaults)
 38297 | Vaults:2 | Received a gift from Trog
 38384 | Vaults:2 | Got a twisted plate armour
 38409 | Vaults:2 | Identified the cursed +1 plate armour "Yceite Ceuqo" {+Blink +Fly} (You found it on level 2 of the Vaults)
 38580 | Vaults:3 | Noticed Mennas
 38614 | Vaults:3 | Killed Mennas
 38614 | Vaults:3 | Reached skill level 15 in Armour
 38696 | Vaults:3 | Noticed Nikola
 38708 | Vaults:3 | Killed Nikola
 38722 | Vaults:3 | Got a pair of brightly glowing gloves
 38726 | Vaults:3 | Identified the cursed +0 pair of gloves of Discretion {rN+ Slay+5} (You took it off Nikola on level 3 of the Vaults)
 38943 | Vaults:3 | Received a gift from Trog
 39060 | Vaults:3 | Reached skill level 18 in Fighting
 39176 | Vaults:3 | Reached XP level 20. HP: 211/211 MP: 20/20
 39631 | Vaults:4 | Received a gift from Trog
 39755 | Vaults:4 | Found Qecokezuna's Distillery.
 39811 | Vaults:4 | Noticed Boris
 39824 | Vaults:4 | Killed Boris
 40980 | Vaults:4 | Received a gift from Trog
 41201 | Vaults:5 | Entered Level 5 of the Vaults
 41531 | Vaults:4 | Reached skill level 19 in Fighting
 41535 | Vaults:4 | Reached XP level 21. HP: 206/224 MP: 21/21
 41898 | Vaults:4 | Received a gift from Trog
 42708 | Vaults:5 | Got a crude platinum ring
 42766 | Vaults:5 | Noticed a golden dragon
 42774 | Vaults:5 | Killed a golden dragon
 42876 | Vaults:5 | Identified the ring "Vehabros" {rF++ rC+ MP+9 Dex+3} (You took it off a yaktaur on level 5 of the Vaults)
 42912 | Vaults:5 | Noticed a golden dragon
 42918 | Vaults:5 | Killed a golden dragon
 43026 | Vaults:5 | Got a silver rune of Zot
 43032 | Vaults:5 | Got a pitted fustibalus
 43046 | Vaults:5 | Identified the +7 fustibalus "Worm" {flame, Fragile MR+ Dex+5} (You found it on level 5 of the Vaults)
 43168 | Vaults:5 | Reached XP level 22. HP: 205/241 MP: 22/22
 43406 | Vaults:5 | Received a gift from Trog
 43535 | Vaults:5 | Got a glittering platinum ring
 43541 | Vaults:5 | Identified the ring "Dataph" {+Fly rElec rC- AC+5} (You found it on level 5 of the Vaults)
 43623 | Vaults:5 | Identified a scroll of acquirement
 44236 | Elf:1    | Entered Level 1 of the Elven Halls
 44438 | Elf:1    | Found Qeepneisk's Antique Armour Emporium.
 44440 | Elf:1    | Found Cijit's Weapon Shoppe.
 44479 | Elf:1    | Bought a pair of heavily runed gloves for 313 gold pieces
 44479 | Elf:1    | Identified the +0 pair of gloves of Pallujot {rElec Str+5 Dex+5} (You bought it in a shop on level 1 of the Elven Halls)
 44781 | Elf:1    | Reached skill level 20 in Fighting
 45127 | Elf:2    | Got a distressingly furry large shield
 45128 | Elf:2    | Identified the +0 large shield of the Depths {+Fly} (You acquired it on level 2 of the Elven Halls)
 45171 | Elf:2    | Received a gift from Trog
 45329 | Elf:2    | Noticed Roxanne
 45342 | Elf:2    | Killed Roxanne
 45488 | Elf:2    | Found a roughly hewn altar of Beogh.
 45620 | Elf:2    | Found a runed gate.
 45620 | Elf:2    | Found a runed gate.
 45620 | Elf:2    | Found a runed gate.
 45684 | Elf:2    | Received a gift from Trog
 46061 | Elf:3    | Entered Level 3 of the Elven Halls
 46903 | Elf:3    | Received a gift from Trog
 47016 | Elf:3    | Identified the +6 great sword "Concordance" {antimagic, MR+} (You took it off a deep elf sorcerer on level 3 of the Elven Halls)
 47178 | Elf:3    | Reached XP level 23. HP: 197/251 MP: 23/23
 47193 | Elf:3    | Received a gift from Trog
 47197 | Elf:3    | Gained mutation: Your magical capacity is low. (-10% MP) [a neqoxec]
 47245 | Elf:3    | Got an ancient large shield
 47277 | Elf:3    | Identified the +1 large shield of the Blessings {+Inv Str+2} (You found it on level 3 of the Elven Halls)
 47293 | Elf:3    | Got a transparent scale mail
 47301 | Elf:3    | Got a translucent copper amulet
 47302 | Elf:3    | Identified the +5 scale mail of the Doldrums {Str+5} (You found it on level 3 of the Elven Halls)
 47304 | Elf:3    | Identified the amulet of the Last Nights {RegenMP Fragile +Inv rC+ Slay+6} (You found it on level 3 of the Elven Halls)
 48033 | Depths:1 | Entered Level 1 of the Depths
 48308 | Depths:1 | Found a gateway to Hell.
 48583 | Depths:1 | Received a gift from Trog
 49175 | Depths:1 | You fall through a shaft!
 49205 | Depths:3 | Found a gateway to a ziggurat.
 49208 | Zig:1    | Entered Level 1 of a ziggurat
 49246 | Zig:2    | Entered Level 2 of a ziggurat
 49255 | Zig:2    | Reached skill level 21 in Fighting
 49271 | Zig:3    | Entered Level 3 of a ziggurat
 49295 | Zig:4    | Entered Level 4 of a ziggurat
 49298 | Zig:4    | Noticed Menaotih the pandemonium lord
 49305 | Zig:4    | Killed Menaotih the pandemonium lord
 49750 | Zig:5    | Entered Level 5 of a ziggurat
 49787 | Zig:5    | Got a warped glass ring
 49794 | Zig:5    | Identified the ring of Reilyrgh {-Tele rPois AC+3 Slay+2} (You found it on level 5 of a ziggurat)
 49798 | Zig:6    | Entered Level 6 of a ziggurat
 49810 | Zig:6    | Received a gift from Trog
 49813 | Zig:6    | Reached skill level 15 in Dodging
 49836 | Zig:6    | Got a sparkling granite ring
 49850 | Zig:6    | Identified the cursed ring "Irhayguj" {EV-2 Dex+4} (You found it on level 6 of a ziggurat)
 49861 | Zig:7    | Entered Level 7 of a ziggurat
 50313 | Zig:8    | Entered Level 8 of a ziggurat
 50781 | Zig:9    | Entered Level 9 of a ziggurat
 50818 | Zig:9    | Got a faintly glowing bronze ring
 50820 | Zig:9    | Got a translucent long sword
 50821 | Zig:9    | HP: 12/254 [emperor scorpion (8)]
 50821 | Zig:9    | Slain by an emperor scorpion

Skill      XL: |  1  2  3  4  5  6  7  8  9 10 11 12 13 14 15 16 17 18 19 20 21 22 23 |
---------------+----------------------------------------------------------------------+-----
Armour         | 2 3 4 5 6 8 9 10 11 12 13 14 15 16 17 | 17.1
Long Blades    | 3 4 5 8 10 11 12 13 14 15 16 | 16.9
Dodging        | 2 3 4 5 6 7 8 9 10 11 12 13 14 15 | 15.0
Fighting       | 4 5 7 8 9 11 12 13 14 15 16 18 19 20 21 | 21.1
Stealth        | 1 2 |  2.0
Short Blades   | 2 4 6 |  6.0
Shields        | 3 5 8 10 13 15 16 17 18 19 20 | 20.1

Action                   |  1- 3 |  4- 6 |  7- 9 | 10-12 | 13-15 | 16-18 | 19-21 | 22-24 || total
-------------------------+-------+-------+-------+-------+-------+-------+-------+-------++-------
Melee: Falchion          |   125 |   161 |       |       |       |       |       |       ||   286
       Kick              |       |    52 |   224 |   296 |   388 |   523 |   463 |   326 ||  2272
       Dagger            |       |       |   517 |   129 |       |       |       |       ||   646
       Demon blade       |       |       |       |   472 |   957 |  1535 |   116 |       ||  3080
       Scimitar          |       |       |       |    28 |       |       |       |       ||    28
       Katana            |       |       |       |       |       |       |   925 |   799 ||  1724
Invok: Berserk           |     3 |     3 |    10 |     8 |     8 |     3 |     4 |     2 ||    41
       Burn Spellbooks   |       |       |     1 |     2 |    16 |     2 |     6 |    15 ||    42
       Brothers in Arms  |       |       |     1 |     2 |     2 |     3 |     2 |     8 ||    18
  Use: Scroll            |       |     6 |    10 |     7 |    12 |    10 |    14 |    31 ||    90
       Potion            |       |       |       |     1 |     3 |     1 |     4 |     5 ||    14
 Stab: Paralysed         |       |     1 |       |       |       |       |       |       ||     1
       Distracted        |       |       |     1 |     1 |     4 |     3 |     2 |     7 ||    18
       Petrified         |       |       |       |       |       |     3 |       |       ||     3
       Held in net/web   |       |       |       |       |       |     1 |       |       ||     1
       Confused          |       |       |       |       |       |       |       |     1 ||     1
  Eat: Chunk             |     6 |    10 |    16 |    22 |    46 |    12 |    13 |     3 ||   128
       Ration            |       |       |     1 |     3 |     2 |     7 |     4 |     8 ||    25
Armor: Ring mail         |    62 |    67 |     8 |       |       |       |       |       ||   137
       Chain mail        |       |       |     1 |       |       |       |       |       ||     1
       Plate armour      |       |       |   244 |    76 |       |       |       |       ||   320
       Scale mail        |       |       |       |   165 |   244 |       |       |       ||   409
       Crystal plate arm |       |       |       |       |    93 |   865 |   563 |   319 ||  1840
       Skin              |       |       |       |       |       |       |     1 |       ||     1
Dodge: Dodged            |   111 |   112 |   168 |   361 |   440 |   573 |   439 |   274 ||  2478
Block: Shield            |       |       |       |       |   424 |  1067 |   729 |   242 ||  2462
       Reflection        |       |       |       |       |       |       |    50 |       ||    50
       Large shield      |       |       |       |       |       |       |       |   466 ||   466
       Rpst.: Falchion   |    31 |    41 |       |       |       |       |       |       ||    72
       Demon blade       |       |       |       |    64 |    93 |    97 |     5 |       ||   259
       Scimitar          |       |       |       |     5 |       |       |       |       ||     5
       Katana            |       |       |       |       |       |       |    74 |    50 ||   124
